 Dungeon Crawl Stone Soup version 0.19-a0-1937-g70ed36a (webtiles) character file.

1935 tv1990 the Cleaver (level 9, -1/64 HPs)
             Began as a Formicid Monk on Oct 26, 2016.
             Was a Priest of Okawaru.
             Slain by an ogre
             ... wielding a +0 giant club
              (13 damage)
             ... on level 7 of the Dungeon.
             The game lasted 00:19:06 (5767 turns).

tv1990 the Cleaver (Formicid Monk)                  Turns: 5767, Time: 00:19:07

Health: -1/64      AC: 13    Str: 17    XL:     9   Next: 40%
Magic:  4/4        EV:  6    Int:  9    God:    Okawaru [***...]
Gold:   429        SH:  5    Dex: 19    Spells: 0 memorised, 8 levels left

rFire  . . .     SeeInvis +     a - +3 hand axe
rCold  + . .     Gourm    .     n - +1 plate armour of Vanity {rC+ MP-9 SInv}
rNeg   . . .     Faith    .     s - +0 buckler
rPois  +         Spirit   .     (helmet unavailable)
rElec  .         Reflect  .     b - +0 cloak
rCorr  .         Harm     .     q - +0 pair of gloves
MR     .....                    (no boots)
Stlth  ..........               (no amulet)
                                j - +3 ring of dexterity
                                d - ring of poison resistance

@: no status effects
A: permanent stasis, dig shafts and tunnels, four strong arms, antennae 3
a: Dig, Shaft Self, Heroism, Renounce Religion


You were on level 7 of the Dungeon.
You worshipped Okawaru.
Okawaru was most pleased with you.
You were hungry.

You visited 2 branches of the dungeon, and saw 8 of its levels.

You collected 429 gold pieces.

Inventory:

Hand Weapons
 a - a +3 hand axe (weapon)
Armour
 b - a +0 cloak (worn)
 n - the +1 plate armour of Vanity (worn) {rC+ MP-9 SInv}
   (You found it on level 6 of the Dungeon)

   It protects you from cold.
   It affects your magic capacity (-9).
   It lets you see invisible.
 q - a +0 pair of gloves (worn)
 s - a +0 buckler (worn)
Jewellery
 d - a ring of poison resistance (left hand)
 j - a +3 ring of dexterity (right hand)
Wands
 i - a wand of random effects (37/48)
 r - a wand of flame (31/48)
 w - a wand of polymorph (14/24)
 y - a wand of teleportation (5/9)
Scrolls
 g - 6 scrolls of magic mapping
 m - 2 scrolls of remove curse
 u - a scroll of brand weapon {unknown}
 v - a scroll of enchant weapon
Potions
 e - 6 potions of curing {unknown}
 h - 2 potions of might {unknown}
 k - a potion of resistance {unknown}
 l - a potion of berserk rage {unknown}
 p - 3 potions of mutation {unknown}
 t - a potion of lignification
 x - a potion of magic {unknown}
 z - a potion of flight {unknown}
 B - a potion of cure mutation {unknown}
Comestibles
 c - 4 bread rations
 f - 4 meat rations
 o - a slice of pizza


   Skills:
 - Level 3.2 Fighting
 + Level 10.4 Axes
 - Level 2.6 Dodging
 - Level 2.4 Stealth
 - Level 3.2 Shields
 * Level 5.9 Invocations


You had 8 spell levels left.
You didn't know any spells.

Dungeon Overview and Level Annotations

Branches:
Dungeon (7/15)             Temple (1/1) D:6

Altars:
Ashenzari
Cheibriados
Dithmenos
Fedhas
Gozag
Nemelex Xobeh
Okawaru
Qazlal
Trog
Xom

Shops:
D:5 }


Innate Abilities, Weirdness & Mutations

You are under a permanent stasis effect.
You can dig through walls and to a lower floor.
Your four strong arms can wield two-handed weapons with a shield.
You have a pair of large antennae on your head. (SInv)


Message History

The centaur is severely wounded.
You block the centaur's attack.
The centaur hits you but does no damage.
You slash the centaur!
You kill the centaur!
Okawaru accepts your kill.
You hit the ogre.
The ogre is moderately wounded.
The ogre hits you with a giant club!!
* * * LOW HITPOINT WARNING * * *
You slash the ogre!
The ogre is heavily wounded.
You hit the ogre.
The ogre is severely wounded.
The ogre hits you with a giant club!
* * * LOW HITPOINT WARNING * * *
Your plate armour of Vanity prevents you from hitting the ogre.
The ogre is severely wounded.
The ogre hits you with a giant club!
You die...

....#########............#
.[.....<.......#######...#
....##########.# ##..## .
#.# #..## #.## ##.## #..#
#..# ###.####.##
##O#.##...# #@#..#..###
####...## ##(..# ##(.#
...###..# #.......O#
#.!.............
#.....[..#....$.
#........#..)_..


You could see an ogre.

Vanquished Creatures
  Grinder (D:6)
  The ghost of varam the Destroyer, an amateur DECj (D:4)
  Sigmund (D:6)
  Edmund (D:5)
  Menkaure (D:6)
  An ice beast (D:7)
  A black bear (D:7)
  2 centaurs
  Blork the orc (D:4)
  A bullfrog (D:7)
  A scorpion (D:7)
  2 crimson imps
  4 hounds
  2 bullfrog skeletons
  An orc wizard (D:4)
  2 iguanas
  A worker ant (D:5)
  Natasha (D:3)
  2 worker ant zombies
  Robin (D:3)
  4 adders
  7 gnolls
  A howler monkey skeleton (D:4)
  A shadow imp (D:6)
  3 oozes
  An adder skeleton (D:6)
  3 worms
  A dart slug (D:2)
  5 leopard geckos
  18 orcs
  3 giant cockroaches
  17 goblins
  7 hobgoblins
  2 jackals (D:4)
  11 kobolds
  A quokka (D:3)
  2 ball pythons (D:4)
  8 bats
  4 frilled lizards
  A jackal skeleton (D:4)
  A leopard gecko skeleton (D:5)
  7 rats
136 creatures vanquished.

Notes
Turn   | Place    | Note
-------+----------+-------------------------------------------
     0 | D:1      | tv1990 the Formicid Monk began the quest for the Orb.
     0 | D:1      | Reached XP level 1. HP: 18/18 MP: 1/1
   442 | D:1      | Reached XP level 2. HP: 23/24 MP: 2/2
  1001 | D:2      | Reached skill level 4 in Axes
  1001 | D:2      | Reached XP level 3. HP: 23/29 MP: 3/3
  1010 | D:2      | Reached XP level 4. HP: 8/35 MP: 4/4
  1280 | D:2      | Found a faded altar of an unknown god.
  1494 | D:2      | Reached skill level 5 in Axes
  1743 | D:3      | Noticed Robin
  1839 | D:3      | Killed Robin
  1869 | D:3      | Reached XP level 5. HP: 24/41 MP: 5/5
  2096 | D:3      | Found an opulent altar of Gozag.
  2446 | D:3      | Found a sparkling altar of Nemelex Xobeh.
  2701 | D:3      | Reached skill level 6 in Axes
  2788 | D:3      | Noticed a centaur
  2802 | D:3      | Killed a centaur
  2802 | D:3      | Reached XP level 6. HP: 30/47 MP: 6/6
  2808 | D:3      | Noticed Natasha
  2822 | D:3      | Killed Natasha
  3259 | D:4      | Reached skill level 7 in Axes
  3494 | D:4      | Noticed varam's ghost (amateur DECj)
  3519 | D:4      | Killed varam's ghost
  3519 | D:4      | Reached XP level 7. HP: 39/52 MP: 7/7
  3520 | D:4      | Noticed Blork the orc
  3536 | D:4      | Killed Blork the orc
  3536 | D:4      | Reached skill level 8 in Axes
  4019 | D:5      | Entered Level 5 of the Dungeon
  4031 | D:5      | Noticed Edmund
  4074 | D:5      | Killed Edmund
  4074 | D:5      | Reached skill level 9 in Axes
  4074 | D:5      | Reached XP level 8. HP: 36/58 MP: 8/8
  4171 | D:5      | Found a shimmering altar of Xom.
  4494 | D:5      | Reached skill level 1 in Shields
  4621 | D:5      | Got a faintly humming ring mail
  4632 | D:5      | Identified the +0 ring mail "Vecu" {rPois Str+9 Dex-4 SInv} (You found it on level 5 of the Dungeon)
  4717 | D:5      | Found a snail-covered altar of Cheibriados.
  4772 | D:5      | Found Ynishy's Gadget Shoppe.
  5113 | D:6      | Found a staircase to the Ecumenical Temple.
  5115 | D:6      | Got a faintly glowing plate armour
  5126 | D:6      | Identified the +1 plate armour of Vanity {rC+ MP-9 SInv} (You found it on level 6 of the Dungeon)
  5158 | Temple   | Entered the Ecumenical Temple
  5170 | Temple   | Became a worshipper of Warmaster Okawaru
  5170 | Temple   | Reached * piety under Okawaru
  5170 | Temple   | Reached ** piety under Okawaru
  5303 | D:6      | Noticed Grinder
  5324 | D:6      | Killed Grinder
  5355 | D:6      | Noticed Sigmund
  5366 | D:6      | Killed Sigmund
  5366 | D:6      | Reached skill level 10 in Axes
  5438 | D:6      | Noticed Menkaure
  5447 | D:6      | Reached XP level 9. HP: 40/64 MP: 0/11
  5449 | D:6      | Killed Menkaure
  5605 | D:7      | Found a stormy altar of Qazlal.
  5626 | D:7      | Reached *** piety under Okawaru
  5637 | D:7      | Reached skill level 5 in Invocations
  5767 | D:7      | Slain by an ogre

Skill      XL: |  1  2  3  4  5  6  7  8  9 |
---------------+----------------------------+-----
Axes           | 4 5 6 7 9 10 | 10.4
Shields        | 3 |  3.2
Invocations    | 2 5 |  5.9
Fighting       | |  3.2
Dodging        | |  2.6
Stealth        | |  2.4

Action                   |  1- 3 |  4- 6 |  7- 9 || total
-------------------------+-------+-------+-------++-------
Melee: Hand axe          |    55 |   370 |   358 ||   783
 Abil: Dig               |     1 |     3 |     3 ||     7
  Use: Scroll            |       |     9 |     1 ||    10
       Potion            |       |     1 |     1 ||     2
  Eat: Pizza             |       |     2 |       ||     2
       Chunk             |       |     6 |     8 ||    14
Armor: Chain mail        |    23 |   194 |    78 ||   295
       Robe              |     2 |       |       ||     2
       Plate armour      |       |       |    58 ||    58
       Ring mail         |       |       |    15 ||    15
Dodge: Dodged            |    16 |   116 |    81 ||   213
Block: Buckler           |       |       |    36 ||    36

Table legend:
 A = Turns spent in this place as a percentage of turns spent in the entire game.
 B = Non-inter-level travel turns spent in this place as a percentage of non-inter-level travel turns spent in the entire game.
 C = Inter-level travel turns spent in this place as a percentage of turns spent in this place.
 D = Turns resting spent in this place as a percentage of non-inter-level travel turns spent in this place.
 E = Turns spent auto-exploring this place as a percentage of non-inter-level travel turns spent in this place.
 F = Non-inter-level travel turns spent in this place divided by the number of levels of this place that you've seen.
                   A       B       C       D       E      F
               +-------+-------+-------+-------+-------+----------------------
         Total | 100.0 | 100.0 |   0.5 |   2.3 |  14.3 | 213.8
       Dungeon |  98.8 |  98.8 |   0.5 |   2.4 |  14.3 | 241.3
        Temple |   1.2 |   1.2 |   0.0 |   0.0 |  14.3 |  21.0
               +-------+-------+-------+-------+-------+----------------------

Table legend:
 A = Kills in this place as a percentage of kills in entire the game.
 B = Kills by you in this place as a percentage of kills by you in the entire game.
 C = Kills by friends in this place as a percentage of kills by friends in the entire game.
 D = Other kills in this place as a percentage of other kills in the entire game.
 E = Experience gained in this place as a percentage of experience gained in the entire game.
 F = Experience gained in this place divided by the number of levels of this place that you have seen.
                   A       B       C       D       E      F
               +-------+-------+-------+-------+-------+----------------------
         Total | 100.0 | 100.0 |  -nan |  -nan | 100.0 | 345.6
       Dungeon | 100.0 | 100.0 |  -nan |  -nan | 100.0 | 395.0
               +-------+-------+-------+-------+-------+----------------------

Vault maps used:
D:1:      eino_arrival_cavern_c
D:2:      ecumenical_altar_2, minmay_bisected
D:3:      grunt_gozag_statues, first_bread, nemelex_dance_club_becter,
          uniq_natasha, uniq_robin
D:4:      uniq_blork_the_orc
D:5:      corexii_shack_village, basic_altar, serial_shops,
          nicolae_shop_behind_doors, minmay_stone_trees_medium,
          cheibrodos_worm_habitat, uniq_edmund
D:6:      uniq_grinder, uniq_menkaure, uniq_sigmund
D:7:      lemuel_ice_spiral_2, grunt_temple_overflow_open, dk_noncrumbling_2,
          grunt_livestock
Temple:   eino_temple_water
